 Dungeon Crawl Stone Soup version 0.21.1-1-g345015fe64 (console) character file.

84 Harunobu the Skirmisher (level 4, -1/45 HPs)
             Began as a Troll Fighter on Feb 13, 2018.
             Slain by a phantom (9 damage)
             ... on level 3 of the Dungeon.
             The game lasted 00:04:06 (1576 turns).

Harunobu the Skirmisher (Troll Fighter)             Turns: 1576, Time: 00:04:07

Health: -1/45      AC:  5    Str: 24    XL:     4   Next: 24%
Magic:  3/3        EV:  8    Int:  4    God:
Gold:   92         SH:  8    Dex: 10    Spells: 3/3 levels left

rFire    . . .     SeeInvis .   a - +0 flail
rCold    . . .     Gourm    +   c - +0 shield
rNeg     + . .     Faith    .   b - +0 robe
rPois    +         Spirit   .   (helmet restricted)
rElec    .         Reflect  .   (no cloak)
rCorr    .         Harm     .   (gloves unavailable)
MR       .....                  (boots unavailable)
Stlth    +.........             (no amulet)
HPRegen  0.55/turn              h - ring of positive energy
MPRegen  0.08/turn              k - ring of poison resistance

@: no status effects
A: large, unfitting armour, claws 3, fast metabolism 3, gourmand, regeneration
1, shaggy fur 1, tough skin 2
a: no special abilities


You were on level 3 of the Dungeon.
You were very full.

You visited 1 branch of the dungeon, and saw 3 of its levels.

You collected 92 gold pieces.

Inventory:

Hand Weapons
 a - a +0 flail (weapon)
Armour
 b - a +0 robe (worn)
 c - a +0 shield (worn)
Jewellery
 h - a ring of positive energy (left claw)
 k - a ring of poison resistance (right claw)
Scrolls
 e - a scroll of immolation {unknown}
 g - a scroll of teleportation {unknown}
 i - 2 scrolls of identify {unknown}
 l - a scroll of fog {unknown}
 n - a scroll of magic mapping {unknown}
 q - a scroll of fear {unknown}
 s - a scroll of remove curse {unknown}
Potions
 d - 3 potions of might
 j - 2 potions of haste {unknown}
 m - a potion of curing {unknown}
 p - a potion of agility {unknown}
 r - 2 potions of flight {unknown}
 t - a potion of mutation {unknown}
Comestibles
 f - 8 rations
 o - 7 chunks of flesh


   Skills:
 + Level 3.0 Fighting
 + Level 3.0 Maces & Flails
 + Level 3.0 Dodging
 - Level 2.5 Shields


You had 3 spell levels left.
You didn't know any spells.

Dungeon Overview and Level Annotations

Branches:
Dungeon (3/15)

Altars:
Wu Jian


Innate Abilities, Weirdness & Mutations

You are too large for most types of armour.
You have claws for hands.
Your metabolism is lightning-fast.
You like to eat raw meat.
Your natural rate of healing is unusually fast.
You are covered in fur. (AC +1)
You have very tough skin. (AC +2)


Message History

No target in view!
You completely miss the phantom.
The phantom is lightly damaged.
The phantom hits you! x2; The phantom blinks!
The phantom hits you!
The phantom blinks!
A phantom is nearby!
You are too injured to fight recklessly!
You hit the phantom.
The phantom is moderately damaged.
The phantom hits you!
* * * LOW HITPOINT WARNING * * *
The phantom blinks!
You hit the phantom but do no damage.
The phantom is moderately damaged.
The phantom hits you.
* * * LOW HITPOINT WARNING * * *
You hit the phantom but do no damage.
The phantom is moderately damaged.
The phantom hits you!
You die...

..#....... ##### #
......... #...# #
........####...# #####
##.......##...# #....
#$.....$......## #....
#...........†..######....
#......†.##..............
##.....#§#....###.......#
##...##@..#### ##.......
#....W..## #.##...#
#......(# #......#
#....###### ##..#####
#.##. ###..## #. ..
###.)..# ######......#
####......#.####
#.......###)#


You could see a phantom.

Vanquished Creatures
  2 adders (D:2)
  4 dart slugs (D:1)
  A leopard gecko (D:1)
  An orc (D:3)
  3 ball pythons
  3 giant cockroaches
  7 goblins
  7 hobgoblins
  5 kobolds
  A quokka (D:2)
  6 bats
  5 frilled lizards
  9 rats
54 creatures vanquished.

Notes
Turn   | Place    | Note
-------+----------+-------------------------------------------
     0 | D:1      | Harunobu the Troll Fighter began the quest for the Orb.
     0 | D:1      | Reached XP level 1. HP: 22/22 MP: 0/0
   213 | D:1      | Reached XP level 2. HP: 28/29 MP: 1/1
   453 | D:1      | Reached XP level 3. HP: 30/36 MP: 2/2
   716 | D:2      | Found an ornate altar of the Wu Jian Council.
  1063 | D:2      | Reached XP level 4. HP: 41/45 MP: 3/3
  1526 | D:3      | Noticed a phantom
  1576 | D:3      | Slain by a phantom

Skill      XL: |  1  2  3  4 |
---------------+-------------+-----
Maces & Flails | 2 3 |  3.0
Fighting       | 3 |  3.0
Dodging        | 3 |  3.0
Shields        | |  2.5

Action                   |  1- 3 |  4- 6 || total
-------------------------+-------+-------++-------
Melee: Flail             |   135 |    50 ||   185
  Eat: Chunk             |    16 |     4 ||    20
Armor: Robe              |    56 |    22 ||    78
Dodge: Dodged            |    47 |    11 ||    58
Block: Shield            |    63 |    27 ||    90
